UAA
LEUPP ARROWHEADS @ SANTA BARBARA STREAK
08/16/2017
 
TOP OF THE 1ST
Leupp Arrowheads batting - Pitching for Santa Barbara Streak : RHP Il-gyung Kim
Pitching: RHP Il-gyung Kim
Batting: SHB Alan Manor 0-0: Ball
1-0: Fly out, F4 (Flyball, 8RS)
Batting: RHB Kelly Reed 0-0: SINGLE (Line Drive, 8LS)
Batting: LHB Horace Ritchie 0-0: Ball
1-0: Swinging Strike
1-1: Ball
2-1: Fly out, F5 (Line Drive, 5S)
Batting: RHB Nick Hatfield 0-0: Ball
1-0: Ball
2-0: SINGLE (Groundball, 6M)
Kelly Reed to second
Batting: RHB Jim Unknown 0-0: Ball
1-0: Ball
2-0: Called Strike
2-1: Ground out 6-3 (Groundball, 6)
Top of the 1st over - 0 run(s), 2 hit(s), 0 error(s), 2 left on base; Leupp 0 - Santa Barbara 0
BOTTOM OF THE 1ST
Santa Barbara Streak batting - Pitching for Leupp Arrowheads : LHP Jim Unknown
Pitching: LHP Jim Unknown
Batting: SHB Terry Conley 0-0: Ball
1-0: Called Strike
1-1: Called Strike
1-2: Ball
2-2: Strikes out swinging
Batting: RHB Alberto Ortíz 0-0: Hit by Pitch
Batting: SHB Joe Mueller 0-0: Foul Ball, location: 2F
0-1: Ball
1-1: Ball
2-1: SINGLE (Line Drive, 4D)
Alberto Ortíz to second
Batting: RHB Greg Hart 0-0: Called Strike
0-1: Swinging Strike
0-2: Strikes out swinging
Batting: RHB Wayne Cameron 0-0: Called Strike
0-1: Ball
1-1: Foul Ball, location: 2F
1-2: Ball
2-2: Ball
3-2: Foul Ball, location: 2F
3-2: Fly out, F9 (Flyball, 89M)
Bottom of the 1st over - 0 run(s), 1 hit(s), 0 error(s), 2 left on base; Leupp 0 - Santa Barbara 0
TOP OF THE 2ND
Leupp Arrowheads batting - Pitching for Santa Barbara Streak : RHP Il-gyung Kim
Batting: RHB Keith Best 0-0: Foul Ball, location: 2F
0-1: DOUBLE (Line Drive, 7LS)
Batting: RHB Julián Negrón 0-0: Ball
1-0: Foul Ball, location: 2F
1-1: Called Strike
1-2: Ball
2-2: SINGLE (Line Drive, 89S)
Keith Best to third
Batting: RHB Alberto Taváres 0-0: Swinging Strike
0-1: Foul Ball, location: 2F
0-2: Ball
1-2: Foul Ball, location: 2F
1-2: Ball
2-2: Ball
3-2: Strikes out looking
Batting: RHB Brent Burgess 0-0: Ball
1-0: Ball
2-0: Called Strike
2-1: Ball
3-1: Base on Balls
Julián Negrón to second
Batting: SHB Alan Manor 0-0: Called Strike
0-1: Ball
1-1: Foul Ball, location: 2F
1-2: Foul Ball, location: 2F
1-2: Ground out 3-1 (Groundball, 34)
Keith Best scores
Julián Negrón to third
Brent Burgess to second
Batting: RHB Kelly Reed 0-0: Called Strike
0-1: Foul Ball, location: 2F
0-2: Ball
1-2: SINGLE (Groundball, 4MD)
Julián Negrón scores
Brent Burgess to third
Runner from 3rd tries for Home, SAFE, no throw or cutoff
Batting: LHB Horace Ritchie 0-0: Called Strike
0-1: SINGLE (Groundball, 34D)
Kelly Reed to second
Runner from 2nd tries for 3rd, SAFE, throw made to third
Batting: RHB Nick Hatfield 0-0: Foul Ball, location: 2F
0-1: Ball
1-1: Ball
2-1: Ball
3-1: Foul Ball, location: 2F
3-2: Base on Balls
Horace Ritchie to second
Batting: RHB Jim Unknown 0-0: Ball
1-0: Called Strike
1-1: Called Strike
1-2: Reached on error, E4 (Groundball, 4)
Kelly Reed scores
Horace Ritchie to third
Nick Hatfield to second
Batting: RHB Keith Best 0-0: Foul Ball, location: 2F
0-1: Ball
1-1: Ball
2-1: Swinging Strike
2-2: Fielders Choice at 2nd, 5-4 (Groundball, 5)
Top of the 2nd over - 4 run(s), 4 hit(s), 1 error(s), 2 left on base; Leupp 4 - Santa Barbara 0
BOTTOM OF THE 2ND
Santa Barbara Streak batting - Pitching for Leupp Arrowheads : LHP Jim Unknown
Batting: RHB P.J. Hall 0-0: Ball
1-0: Swinging Strike
1-1: Called Strike
1-2: Foul Ball, location: 2F
1-2: Fly out, F4 (Popup, 4D)
Batting: RHB Michael Hicks 0-0: Ball
1-0: Swinging Strike
1-1: Ball
2-1: Called Strike
2-2: Ball
3-2: Ground out 5-3 (Groundball, 5L)
Batting: RHB Gil Lowe 0-0: Ball
1-0: Called Strike
1-1: Ball
2-1: Swinging Strike
2-2: SINGLE (Groundball, 6MD)
Batting: RHB Jim Unknown 0-0: Ball
1-0: Foul Ball, location: 2F
1-1: Foul Ball, location: 2F
1-2: Ball
2-2: Ball
3-2: Fly out, F8 (Flyball, 8RXD)
Bottom of the 2nd over - 0 run(s), 1 hit(s), 0 error(s), 1 left on base; Leupp 4 - Santa Barbara 0
TOP OF THE 3RD
Leupp Arrowheads batting - Pitching for Santa Barbara Streak : RHP Il-gyung Kim
Batting: RHB Julián Negrón 0-0: Ball
1-0: Foul Ball, location: 2F
1-1: Ball
2-1: Swinging Strike
2-2: Strikes out swinging
Batting: RHB Alberto Taváres 0-0: Ball
1-0: Ball
2-0: SOLO HOME RUN (Flyball, 78XD), Distance : 415 ft
Pitching: LHP Rafael Colón
Batting: RHB Brent Burgess 0-0: Called Strike
0-1: Swinging Strike
0-2: Ball
1-2: Ball
2-2: Strikes out looking
Batting: SHB Alan Manor 0-0: Foul Ball, location: 2F
0-1: Foul Ball, location: 2F
0-2: Ground out 6-3 (Groundball, 6)
Top of the 3rd over - 1 run(s), 1 hit(s), 0 error(s), 0 left on base; Leupp 5 - Santa Barbara 0
BOTTOM OF THE 3RD
Santa Barbara Streak batting - Pitching for Leupp Arrowheads : LHP Jim Unknown
Batting: SHB Terry Conley 0-0: Foul Ball, location: 2F
0-1: Ball
1-1: Ball
2-1: Foul Ball, location: 2F
2-2: Ball
3-2: Ground out 5-3 (Groundball, 56)
Batting: RHB Alberto Ortíz 0-0: Ground out 6-3 (Groundball, 6)
Batting: SHB Joe Mueller 0-0: SINGLE (Groundball, 34D)
Batting: RHB Greg Hart 0-0: Ball
1-0: Ball
2-0: Called Strike
2-1: SINGLE (Groundball, 6MD)
Joe Mueller to second
Batting: RHB Wayne Cameron 0-0: Foul Ball, location: 2F
0-1: Swinging Strike
0-2: Strikes out swinging
Bottom of the 3rd over - 0 run(s), 2 hit(s), 0 error(s), 2 left on base; Leupp 5 - Santa Barbara 0
TOP OF THE 4TH
Leupp Arrowheads batting - Pitching for Santa Barbara Streak : LHP Rafael Colón
Batting: RHB Kelly Reed 0-0: Foul Ball, location: 2F
0-1: Ground out 4-3 (Groundball, 4M)
Batting: LHB Horace Ritchie 0-0: Ball
1-0: Called Strike
1-1: Foul Ball, location: 2F
1-2: SINGLE (Groundball, 4MD)
Batting: RHB Nick Hatfield 0-0: Called Strike
0-1: Ball
1-1: SINGLE (Line Drive, 8RS)
Horace Ritchie to second
Batting: RHB Jim Unknown 0-0: Foul Ball, location: 2F
0-1: Ground out 4-3 (Groundball, 13)
Horace Ritchie to third
Nick Hatfield to second
Batting: RHB Keith Best 0-0: Ground out 1-3 (Groundball, 13)
Top of the 4th over - 0 run(s), 2 hit(s), 0 error(s), 2 left on base; Leupp 5 - Santa Barbara 0
BOTTOM OF THE 4TH
Santa Barbara Streak batting - Pitching for Leupp Arrowheads : LHP Jim Unknown
Batting: RHB P.J. Hall 0-0: Ball
1-0: Foul Ball, location: 2F
1-1: Foul Ball, location: 2F
1-2: Ball
2-2: Strikes out looking
Batting: RHB Michael Hicks 0-0: Ground out 6-3 (Groundball, 6)
Batting: RHB Gil Lowe 0-0: Fly out, F5 (Popup, 56)
Bottom of the 4th over - 0 run(s), 0 hit(s), 0 error(s), 0 left on base; Leupp 5 - Santa Barbara 0
TOP OF THE 5TH
Leupp Arrowheads batting - Pitching for Santa Barbara Streak : LHP Rafael Colón
Batting: RHB Julián Negrón 0-0: Foul Ball, location: 2F
0-1: Ball
1-1: SINGLE (Groundball, 56D)
Batting: RHB Alberto Taváres 0-0: Fly out, F7 (Flyball, 7LM)
Batting: RHB Brent Burgess 0-0: Ball
1-0: Foul Ball, location: 2F
1-1: Ball
2-1: Ball
3-1: 2-RUN HOME RUN (Line Drive, 78XD), Distance : 418 ft
Batting: SHB Alan Manor 0-0: Ball
1-0: Foul Ball, location: 2F
1-1: Swinging Strike
1-2: Foul Ball, location: 2F
1-2: Fly out, F7 (Flyball, 8LD)
Batting: RHB Kelly Reed 0-0: Fly out, F8 (Line Drive, 8RM)
Top of the 5th over - 2 run(s), 2 hit(s), 0 error(s), 0 left on base; Leupp 7 - Santa Barbara 0
BOTTOM OF THE 5TH
Santa Barbara Streak batting - Pitching for Leupp Arrowheads : LHP Jim Unknown
Batting: RHB Jim Unknown 0-0: Swinging Strike
0-1: Swinging Strike
0-2: Ball
1-2: Ball
2-2: Strikes out swinging
Batting: SHB Terry Conley 0-0: Called Strike
0-1: Ball
1-1: Swinging Strike
1-2: Ball
2-2: Ball
3-2: Fly out, F2 (Popup, 2LF)
Batting: RHB Alberto Ortíz 0-0: Foul Ball, location: 2F
0-1: Fly out, F9 (Flyball, 89M)
Bottom of the 5th over - 0 run(s), 0 hit(s), 0 error(s), 0 left on base; Leupp 7 - Santa Barbara 0
TOP OF THE 6TH
Leupp Arrowheads batting - Pitching for Santa Barbara Streak : LHP Rafael Colón
Pitching: RHP Sixto Mercado
Batting: LHB Horace Ritchie 0-0: Ball
1-0: Foul Ball, location: 2F
1-1: Ball
2-1: Fly out, F8 (Flyball, 8RS)
Batting: RHB Nick Hatfield 0-0: Ball
1-0: Ball
2-0: Ball
3-0: Called Strike
3-1: Fly out, F9 (Flyball, 9M)
Batting: RHB Jim Unknown 0-0: Ball
1-0: Swinging Strike
1-1: Ball
2-1: Foul Ball, location: 2F
2-2: Ball
3-2: Base on Balls
Batting: RHB Keith Best 0-0: Ball
1-0: Called Strike
1-1: Ball
2-1: Ball
3-1: Base on Balls
Jim Unknown to second
Batting: RHB Julián Negrón 0-0: Called Strike
0-1: Ball
1-1: Swinging Strike
1-2: Strikes out swinging
Top of the 6th over - 0 run(s), 0 hit(s), 0 error(s), 2 left on base; Leupp 7 - Santa Barbara 0
BOTTOM OF THE 6TH
Santa Barbara Streak batting - Pitching for Leupp Arrowheads : LHP Jim Unknown
Batting: SHB Joe Mueller 0-0: Ball
1-0: Called Strike
1-1: Called Strike
1-2: Ground out 5-3 (Groundball, 56S)
Batting: RHB Greg Hart 0-0: Called Strike
0-1: Ball
1-1: Called Strike
1-2: Foul Ball, location: 2F
1-2: Foul Ball, location: 2F
1-2: Foul Ball, location: 2F
1-2: Ball
2-2: Foul Ball, location: 2F
2-2: SINGLE (Line Drive, 78S)
Batting: RHB Wayne Cameron 0-0: Foul Ball, location: 2F
0-1: Ball
1-1: Called Strike
1-2: Ball
2-2: SINGLE (Groundball, 56D)
Greg Hart to second
Pitching: RHP Chandler Fitzgerald
Batting: RHB P.J. Hall 0-0: Swinging Strike
0-1: Foul Ball, location: 2F
0-2: SINGLE (Groundball, 56S)
Greg Hart to third
Wayne Cameron to second
Runner from 3rd tries for Home, SAFE, throw made at trailing runner, SAFE at third!
Batting: RHB Michael Hicks 0-0: DOUBLE (Flyball, 78XD)
Wayne Cameron scores
P.J. Hall to third
Batting: RHB Gil Lowe 0-0: Foul Ball, location: 2F
0-1: Ball
1-1: Ball
2-1: Foul Ball, location: 2F
2-2: Ball
3-2: Ground out 6-3 (Groundball, 6)
P.J. Hall scores
Batting: RHB Jim Unknown 0-0: Called Strike
0-1: Ball
1-1: Ball
2-1: Ground out 1-3 (Groundball, 23)
Bottom of the 6th over - 3 run(s), 4 hit(s), 0 error(s), 1 left on base; Leupp 7 - Santa Barbara 3
TOP OF THE 7TH
Leupp Arrowheads batting - Pitching for Santa Barbara Streak : RHP Sixto Mercado
Batting: RHB Alberto Taváres 0-0: Ball
1-0: SINGLE (Line Drive, 34D)
Batting: RHB Brent Burgess 0-0: Ball
1-0: Ball
2-0: Called Strike
2-1: Ball
3-1: Base on Balls
Alberto Taváres to second
Batting: SHB Alan Manor 0-0: Ball
1-0: Ball
2-0: Called Strike
2-1: SINGLE (Line Drive, 4D)
Alberto Taváres to third
Brent Burgess to second
Batting: RHB Kelly Reed 0-0: Ball
1-0: Foul Ball, location: 2F
1-1: Called Strike
1-2: DOUBLE (Line Drive, 8RM)
Alberto Taváres scores
Brent Burgess scores
Alan Manor to third
Pitching: RHP Luis Saldańa
Batting: LHB Horace Ritchie 0-0: Ball
1-0: Called Strike
1-1: Swinging Strike
1-2: Ball
2-2: SINGLE (Line Drive, 56)
Alan Manor scores
Kelly Reed to third
Batting: RHB Nick Hatfield 0-0: Swinging Strike
0-1: Called Strike
0-2: Ball
1-2: Foul Ball, location: 2F
1-2: Strikes out swinging
Batting: RHB Jim Unknown 0-0: Called Strike
0-1: Called Strike
0-2: Ball
1-2: Strikes out looking
Batting: RHB Keith Best 0-0: Called Strike
Balk!
Kelly Reed scores
Horace Ritchie to second
0-1: Foul Ball, location: 2F
0-2: Foul Ball, location: 2F
0-2: Strikes out looking
Top of the 7th over - 4 run(s), 4 hit(s), 0 error(s), 1 left on base; Leupp 11 - Santa Barbara 3
BOTTOM OF THE 7TH
Santa Barbara Streak batting - Pitching for Leupp Arrowheads : RHP Chandler Fitzgerald
Batting: SHB Terry Conley 0-0: Foul Ball, location: 2F
0-1: Foul Ball, location: 2F
0-2: Ball
1-2: Foul Ball, location: 2F
1-2: Ball
2-2: Strikes out swinging
Batting: RHB Alberto Ortíz 0-0: Called Strike
0-1: Foul Ball, location: 2F
0-2: Strikes out swinging
Batting: SHB Joe Mueller 0-0: Foul Ball, location: 2F
0-1: Swinging Strike
0-2: Ball
1-2: Ball
2-2: Hit by Pitch
Batting: RHB Greg Hart 0-0: Called Strike
0-1: Foul Ball, location: 2F
0-2: Fly out, F8 (Line Drive, 8LM)
Bottom of the 7th over - 0 run(s), 0 hit(s), 0 error(s), 1 left on base; Leupp 11 - Santa Barbara 3
TOP OF THE 8TH
Leupp Arrowheads batting - Pitching for Santa Barbara Streak : RHP Luis Saldańa
Batting: RHB Julián Negrón 0-0: Ball
1-0: Ball
2-0: Ground out 6-3 (Groundball, 6)
Batting: RHB Alberto Taváres 0-0: Called Strike
0-1: Ball
1-1: Called Strike
1-2: Ball
2-2: Foul Ball, location: 2F
2-2: Foul Ball, location: 2F
2-2: Ball
3-2: SOLO HOME RUN (Flyball, 7D), Distance : 385 ft
Batting: RHB Brent Burgess 0-0: Called Strike
0-1: Ball
1-1: Foul Ball, location: 2F
1-2: Foul Ball, location: 2F
1-2: Ground out 4-3 (Groundball, 4)
Batting: SHB Alan Manor 0-0: Ball
1-0: Ball
2-0: Ball
3-0: Base on Balls
Batting: RHB Kelly Reed 0-0: Foul Ball, location: 2F
0-1: Foul Ball, location: 2F
0-2: Ball
1-2: Ball
2-2: Strikes out swinging
Top of the 8th over - 1 run(s), 1 hit(s), 0 error(s), 1 left on base; Leupp 12 - Santa Barbara 3
BOTTOM OF THE 8TH
Santa Barbara Streak batting - Pitching for Leupp Arrowheads : RHP Chandler Fitzgerald
Batting: RHB Wayne Cameron 0-0: Ball
1-0: Ball
2-0: Ball
3-0: Called Strike
3-1: Base on Balls
Batting: RHB P.J. Hall 0-0: Called Strike
0-1: Ball
1-1: Ball
2-1: Swinging Strike
2-2: Ball
3-2: Base on Balls
Wayne Cameron to second
Batting: RHB Michael Hicks 0-0: Ball
1-0: Ball
2-0: Ball
3-0: Called Strike
3-1: Called Strike
3-2: 3-RUN HOME RUN (Flyball, 7LD), Distance : 346 ft
Pitching: RHP Chris Brown
Batting: RHB Gil Lowe 0-0: Swinging Strike
0-1: Bunt for hit - play at first, batter OUT! 1-3
Batting: RHB Jim Unknown 0-0: Ball
1-0: Foul Ball, location: 2F
1-1: Foul Ball, location: 2F
1-2: Ground out 1-3 (Groundball, 23)
Batting: SHB Terry Conley 0-0: DOUBLE (Line Drive, 3L)
Batting: RHB Alberto Ortíz 0-0: Called Strike
0-1: Foul Ball, location: 2F
0-2: Ball
1-2: Strikes out swinging
Bottom of the 8th over - 3 run(s), 2 hit(s), 0 error(s), 1 left on base; Leupp 12 - Santa Barbara 6
TOP OF THE 9TH
Leupp Arrowheads batting - Pitching for Santa Barbara Streak : RHP Luis Saldańa
Batting: LHB Horace Ritchie 0-0: Called Strike
0-1: Foul Ball, location: 2F
0-2: Foul Ball, location: 2F
0-2: Strikes out swinging
Batting: RHB Nick Hatfield 0-0: Called Strike
0-1: SINGLE (Flyball, 8RS)
Batting: RHB Jim Unknown 0-0: Ball
Wild Pitch!
Nick Hatfield to second
1-0: Swinging Strike
1-1: Fly out, F8 (Flyball, 8RM)
Batting: RHB Keith Best 0-0: Called Strike
0-1: Ball
1-1: Ball
2-1: Foul Ball, location: 2F
2-2: Ball
3-2: Base on Balls
Batting: RHB Julián Negrón 0-0: Swinging Strike
0-1: Ball
1-1: Swinging Strike
1-2: Strikes out swinging
Top of the 9th over - 0 run(s), 1 hit(s), 0 error(s), 2 left on base; Leupp 12 - Santa Barbara 6
BOTTOM OF THE 9TH
Santa Barbara Streak batting - Pitching for Leupp Arrowheads : RHP Chris Brown
Batting: SHB Joe Mueller 0-0: Ball
1-0: Foul Ball, location: 2F
1-1: Swinging Strike
1-2: Strikes out swinging
Batting: RHB Greg Hart 0-0: Called Strike
0-1: Foul Ball, location: 2F
0-2: Ball
1-2: Foul Ball, location: 2F
1-2: Strikes out swinging
Batting: RHB Wayne Cameron 0-0: Swinging Strike
0-1: Called Strike
0-2: Fly out, F8 (Flyball, 8LD)
Bottom of the 9th over - 0 run(s), 0 hit(s), 0 error(s), 0 left on base; Leupp 12 - Santa Barbara 6
This league is powered by Out of the Park Baseball, the baseball management simulation game for PC, Mac and Linux
Saturday, February 27th, 2021 - OOTP Baseball 15.6 Build 34